Cogmind - Beta 14 @@@ ROGUE MODE // 2024.11.13 @ 11:38:43 Player: MarKhan Result: Destroyed by G-34 Mercenary with Small Laser Performance ------------- Evolutions (0) 0 Regions Visited (1) 200 Robots Destroyed (15) 75 Value Destroyed (221) 221 Prototype IDs (0) 0 Alien Tech Used (0) 0 Bonus (0) 0 TOTAL SCORE: 496 Bonus ------- None Cogmind --------- Core Integrity 0/250 Matter 300/300 Energy 65/100 System Corruption 0% Temperature Cool (90) Movement Core (50) Location -10/Materials Parts ------- > --- POWER (1) -------- (None) > --- PROPULSION (2) --- (None) > --- UTILITY (2) ------ Transport Network Coupler Core Shielding > --- WEAPON (2) ------- Medium Laser > --- INVENTORY (5) ---- Light Ion Engine Improved Terrain Scanner Seismic Detector Grenade Launcher Datajack Peak State ------------ > --- POWER ------------ (None) > --- PROPULSION ------- (None) > --- UTILITY ---------- Seismic Detector Transport Network Coupler > --- WEAPON ----------- Light Assault Rifle Light Assault Rifle > --- INVENTORY -------- Light Ion Engine Improved Terrain Scanner Medium Laser Grenade Launcher Datajack [Rating: 4] Favorites ----------- Power None Propulsion None Utility Seismic Detector Device Seismic Detector Processor Transport Network Coupler Protection Core Shielding Weapon Light Assault Rifle Energy Gun Medium Laser Ballistic Gun Light Assault Rifle Build | -11 -10 ------- Run | Yrd Mat Slots Evolved . | . . Power . | . . Propulsion . | . . Utility . | . . Weapon . | . . Parts Attached 6 | 3 3 Power . | . . Engine . | . . Core . | . . Reactor . | . . Propulsion . | . . Treads . | . . Leg . | . . Wheel . | . . Hover . | . . Flight . | . . Utility 3 | 1 2 Device 1 | 1 . Storage . | . . Processor 1 | . 1 Hackware . | . . Protection 1 | . 1 Artifact . | . . Weapon 3 | 2 1 Energy Gun 1 | . 1 Energy Cannon . | . . Ballistic Gun 2 | 2 . Ballistic Cannon . | . . Launcher . | . . Special Weapon . | . . Impact Weapon . | . . Slashing Weapon . | . . Piercing Weapon . | . . Special Melee Weapon . | . . Unidentified Prototypes . | . . Parts Lost . | . . Power . | . . Propulsion . | . . Utility . | . . Weapon . | . . Highest Loss Streak . | . . To Critical Strikes . | . . Average Slot Usage (%) 42 | . 42 Device 12 | . 12 Processor 5 | . 5 Protection 1 | . 1 Energy Gun 5 | . 5 Ballistic Gun 17 | . 17 Peak Build Rating 4 | 3 4 Average Rating 2 | 2 3 On Entrance 1 | . 3 Naked Turns . | . . Heaviest Build 3 | 3 3 Greatest Support 3 | 3 3 Greatest Overweight (x) . | . . Average Overweight (x) . | . . Largest Inventory Capacity 5 | 5 5 Average Capacity 5 | 5 5 Most Carried 5 | 3 5 Average Carried 4 | 1 4 Final Capacity 5 | 5 5 Final Carried 5 | 3 5 Class Distribution -------------------- 100% | Mutant Dominant Class ---------------- Mutant | -10/Materials Resources | -11 -10 ----------- Run | Yrd Mat Matter Collected 350 | 260 90 Remotely . | . . Salvage Created 509 | 107 402 Parts 28 | 3 25 Haulers Intercepted 2 | . 2 Recyclers Shooed 2 | . 2 Parts Field Recycled . | . . Retrieved Matter . | . . Parts Self-Destructed . | . . Prevented . | . . Kills | -11 -10 ------- Run | Yrd Mat Combat Hostiles Destroyed 4 | . 4 Guns 4 | . 4 Classes Destroyed 7 | 2 5 Worker 3 | . 3 Builder 2 | . 2 Tunneler 1 | 1 . Hauler 2 | . 2 Recycler 1 | 1 . Watcher 2 | . 2 Grunt 4 | . 4 Best Kill Streak 5 | 2 5 Combat Bots Only 2 | . 2 Max Kills in Single Turn 1 | 1 1 Gunslinging . | . . Exploded . | . . Melee . | . . Uniques/NPCs Destroyed . | . . Combat | -11 -10 -------- Run | Yrd Mat Hostile Shots Fired 39 | . 39 Missed 6 | . 6 Damage Taken 436 | . 436 Core 254 | . 254 Absorbed by Shields . | . . Redirected to Shielding 22 | . 22 Core Remaining (%) 100 | 100 . Volleys Fired 94 | 15 79 Largest 2 | 2 2 Hottest 50 | 40 50 Shots Fired 139 | 30 109 Gun 139 | 30 109 Cannon . | . . Launcher . | . . Special . | . . Kinetic 90 | 30 60 Thermal 49 | . 49 Explosive . | . . Electromagnetic . | . . Robot Hit Streak 11 | 6 11 Robot Miss Streak 5 | 2 5 Penetration Max . | . . Secondary Targets . | . . Shots Hit Robots 91 | 21 70 Core Hits 31 | 5 26 Critical Kills . | . . Critical Parts Destroyed . | . . Critical Strikes 3 | . 3 Burn 3 | . 3 Melee Attacks . | . . Impact . | . . Slashing . | . . Piercing . | . . Sneak Attacks . | . . Combat Hostiles . | . . Follow-up Attacks . | . . Damage Inflicted 975 | 160 815 Guns 895 | 160 735 Cannons . | . . Explosions 80 | . 80 Melee . | . . Ramming . | . . Kinetic 456 | 160 296 Thermal 439 | . 439 Explosive . | . . Electromagnetic 80 | . 80 Impact . | . . Slashing . | . . Piercing . | . . Highest Corruption . | . . Average Corruption . | . . Corruption Purged . | . . Corruption Blocked . | . . Overload Shots . | . . Overflow Damage . | . . Projectiles . | . . Explosions . | . . Melee . | . . Knockbacks . | . . Impact . | . . Kinetic . | . . Secondary . | . . Self-Inflicted Damage 42 | . 42 Shots 1 | . 1 Rammed . | . . Targets Rammed . | . . Kicked . | . . Crushed . | . . Highest Temperature 84 | . 84 Average Temperature 29 | . 29 Received Heat Transfer 219 | . 219 Siege Activations . | . . Robots Corrupted . | . . Combat Hostiles . | . . Parts Fried . | . . Impact Corruptions . | . . Robots Melted . | . . Combat Hostiles . | . . Parts Melted 3 | . 3 Heat Transferred 1517 | . 1517 Parts Sabotaged . | . . Parts Stolen . | . . Parts Stripped . | . . Power Chain Reactions . | . . Alert | -11 -10 ------- Run | Yrd Mat Peak Influence 244 | 10 244 Initial 6 | . 6 Average 109 | 3 127 Maximum Alert Level 1 | . 1 Low Security (%) 72 | 100 67 Level 1 27 | . 32 Level 2 . | . . Level 3 . | . . Level 4 . | . . Level 5 . | . . High Security . | . . Max Security . | . . Squads Dispatched 2 | . 2 Investigation 1 | . 1 Extermination . | . . Reinforcement 1 | . 1 Assault . | . . Garrison . | . . Intercept . | . . Searches Triggered . | . . Construction Impeded . | . . Haulers Reinforced . | . . Active Scanning Responses . | . . Cargo Convoy Interrupts . | . . Stealth | -11 -10 --------- Run | Yrd Mat Distress Signals . | . . Communications Jammed . | . . Distress Signals . | . . Times Spotted 15 | . 15 Peak Tracking Total 4 | . 4 Tactical Retreats 1 | . 1 Traps | -11 -10 ------- Run | Yrd Mat Traps Triggered 1 | . 1 Indirectly . | . . Trap Hack Attempts . | . . Triggered . | . . Disarmed . | . . Reprogrammed . | . . Reused . | . . Traps Extracted . | . . Installed . | . . Triggered . | . . Machines | -11 -10 ---------- Run | Yrd Mat Machines Disabled 1 | . 1 Max in Single Turn 1 | . 1 Machines Repaired . | . . Machines Dismantled . | . . Machines Sabotaged . | . . Overloaded Fab Kills . | . . Hacking | -11 -10 --------- Run | Yrd Mat Machines Accessed 2 | . 2 Terminals 2 | . 2 Fabricators . | . . Repair Stations . | . . Recycling Units . | . . Scanalyzers . | . . Garrison Access . | . . Total Hacks 10 | . 10 Successful 5 | . 5 Failed 5 | . 5 Catastrophic . | . . Database Lockouts . | . . Manual 10 | . 10 Terminals 10 | . 10 Fabricators . | . . Repair Stations . | . . Recycling Units . | . . Scanalyzers . | . . Garrison Access . | . . Terminal Hacks . | . . Fabricator Hacks . | . . Repair Station Hacks . | . . Recycling Unit Hacks . | . . Scanalyzer . | . . Garrison Access Hacks . | . . Unauthorized Hacks 5 | . 5 Terminals 5 | . 5 Botnet 2 | . 2 Operators 1 | . 1 Skim 2 | . 2 Fabricators . | . . Repair Stations . | . . Recycling Units . | . . Scanalyzers . | . . Garrison Access . | . . Data Cores Recovered . | . . Used . | . . Hacking Detections 2 | . 2 Full Trace Events . | . . Feedback Events . | . . Feedback Blocked . | . . Robot Schematics Acquired . | . . Robots Built . | . . Authchips . | . . Time . | . . Total Robot Build Rating . | . . Part Schematics Acquired . | . . Parts Built . | . . Authchips . | . . Time . | . . Total Part Build Rating . | . . Parts Repaired . | . . Time . | . . Parts Recycled . | . . Recycled Matter . | . . Retrieved Matter . | . . Retrieved Components . | . . Parts Scanalyzed . | . . Part Schematics Acquired . | . . Parts Damaged . | . . Bothacking | -11 -10 ------------ Run | Yrd Mat Used RIF Installer . | . . Robots Hacked . | . . Non-combat . | . . Combat . | . . Robot Hacks Applied . | . . Relay Couplers Released . | . . Fabnet Peak Effective % . | . . Robots Rewired . | . . Allies Hacked . | . . Hacks Repelled . | . . Allies | -11 -10 -------- Run | Yrd Mat Total Allies . | . . Largest Group . | . . Highest-Rated Group . | . . Highest-Rated Ally . | . . Total Orders . | . . Ally Attacks . | . . Total Damage . | . . Kills . | . . Allies Corrupted . | . . Allies Melted . | . . Intel | -11 -10 ------- Run | Yrd Mat Robot Analysis Total . | . . Derelict Logs Recovered . | . . Drone Launches . | . . Drone Recoveries . | . . Exploration | -11 -10 ------------- Run | Yrd Mat Turns Passed 501 | 74 427 Spaces Moved 539 | 54 485 Core 539 | 54 485 Treads . | . . Legs . | . . Wheels . | . . Hover . | . . Flight . | . . Fastest Speed 50 | 50 50 Average Speed 50 | 50 50 Slowest Speed 50 | 50 50 Overloaded Moves . | . . Propulsion Burnouts . | . . Robots Hopped . | . . Cave-ins Triggered . | . . Exploration Rate (%) 30 | 4 56 Regions Visited 1 Branch Regions . Pre-discovered Areas . | . . Known Exits Taken . | . . Unknown Exits Taken 1 | 1 . Scrap Searched . | . . Spaces Dug . | . . Terrain Destroyed . | . . Melee . | . . Projectile . | . . AOE . | . . Terrain Rammed . | . . Walls Destroyed . | . . Machines Disabled . | . . Actions | -11 -10 --------- Run | Yrd Mat Total 648 | 74 574 Wait . | . . Move 538 | 53 485 Hop . | . . Pick Up 7 | 3 4 Fast Attach 4 | 3 1 Attach 1 | . 1 Detach . | . . Swap 1 | . 1 Drop 3 | . 3 Fire 94 | 15 79 Melee . | . . Ram . | . . Kick . | . . Crush . | . . Escape Stasis . | . . Rewire . | . . Trap . | . . Miscellaneous . | . . Route ------- -11/Scrapyard -10/Materials History --------- Turn | Location | Event 12 | -11/Scrapyard | Discovered new exit (range 15) 75 | -11/Scrapyard | Entered Materials 273 | -10/Materials | Core integrity fell below 50% 306 | -10/Materials | Build established: Mutant 487 | -10/Materials | Core integrity fell below 20% 502 | -10/Materials | Destroyed by G-34 Mercenary with Small Laser Last Messages --------------- 00485_ G-34 Mercenary suffers critical hit (Burn). 00487_ K-01 Serf destroyed. 00488_ K-01 Serf collects debris. 00488_ R-06 Scavenger collects Lgt. Ion Engine. 00491_ K-01 Serf collects debris. 00492_ R-06 Scavenger collects Wheel. 00494_ G-34 Mercenary heat spikes uncontrollably. 00494_ G-34 Mercenary overheating. 00494_ K-01 Serf collects debris. 00495_ G-34 Mercenary heat damages Aluminum Leg. 00495_ R-06 Scavenger collects Sml. Matter Pod. 00495_ G-34 Mercenary overheating. 00495_ Aluminum Leg melted. 00495_ G-34 Mercenary destroyed. 00497_ K-01 Serf collects debris. 00499_ R-06 Scavenger collects Med. Storage Unit. 00500_ K-01 Serf collects debris. Map ----- +----------------------------------------------------+ | ?????????????????????????????????????????????????? | | ?????????????????????????????????????????????????? | | ?????????????????????????????????????????????????? | | ?????????????????????????????????????????????????? | | ?????????????????????????????????????????????????? | | ?????????????????????????????????????????????????? | | ?????????????????????????????????????????????????? | | ?????????????????????????????????????????????????? | | ?????????????????????????????????????????????????? | | ?????????????????????????????????????????????????? | | ?????????????#???????????????????????????????????? | | ????????????## ????????#######??????????????????? | | ????????????# o####### #??????????????????? | | ????????????# #??????????????????? | | ????????????# #??????????????????? | | ########????# #??????????????????? | | # #????# #######* #??????????????????? | | # #???############### ##??????????????????? | | # " " #???# != T # #???????????????????? | | # "R" #???# == # #???????????????????? | | # """ #???# """ == """ # #???????????????????? | | # #???# """ """[# #???????????????????? | | ###+####???# """ """%# #######?????????????? | | # #????# % # / ??????? | | # #############+#######+########?????????????? | | + %! =%*%! # =@g*k #?????????????? | | # ############= + ! !%[ #?????????????? | | # #?########## # r%= #?????????????? | | ### ###?# # # ! #?????????????? | | #?#+##### # # #????????? ?? | | #?# ! # # # #????????# ?? | | #?#=% # # ###+###########????????# ?? | | #?# # + #?# #??????????????????# "" | | ??# # # #?# #??????????????????# "" | | ??# # # #?# #?????????????????## | | # # # ?????????????????? | | + # # ??????????????????? | | #""" #####+#### ?????????????????? | | #""" #???# #??########+#?????????????????# | | ?#""" #???# #######???????????????????????# | | ??# #???# # #???????????????????????# | | ??# #???# # """ #??????????????????????## | | ??#######???# # """ #??????????????????????? | | ????????????# # """ #?????????????????????o??# | | ????????????# + #??????????????????????####+## | | ????????????# ####+#####???????????????????# | | ????????????# ## ##########??????????# | | ????????????# ## # #??????????# | | ????????????# ## # """ #??????????# | | ????????????# ## # """ #??????????# | +----------------------------------------------------+ Best States ------------- Heat Dissipation 25 Energy Generation 5 Energy Capacity 100 Matter Stores 300 Matter Capacity 300 Sight Range 16 Terrain Scan Density 10 Core Shielding 20 Evasion (%) 50 Item Schematics ----------------- None Robot Schematics ------------------ None Fabricated ------------ Nothing Alien Tech Used ----------------- None Achievements -------------- None Challenges ------------ None Game ------ Seed ClaymoresDefenseScrapsphere Manual? 0 Play Time 00:07:25 Cumulative 96.0 hours Start 2024.11.13 @ 11:32:43 End 2024.11.13 @ 11:38:43 Sessions 1 Manual Loads 0 Difficulty Rogue Special Mode None Game No. 95 Rogue 95 Adventurer 0 Explorer 0 Win Type - Total 2 Types 2/0/0/0/0/0/0/0/0 Lore% 51 Gallery% 51 Achievement% 43 Wizard Run 0 Options --------- Layout 1 ASCII 0 Keyboard 1 Movement Arrows Keybinds 0 Fullscreen 2 Font 24/Smallcaps Map View 50x35 Zoom Use 0% Tactical HUD 1 Map Filters NONE Filters NONE Steam 1 RUN: f24bc696-7780-4782-9cf2-78cb0f5023ec